 Dungeon Crawl Stone Soup version 0.21-a0-349-g0c35859 (webtiles) character file.

121 tidbits the Skirmisher (level 5, -1/47 HPs)
             Began as a Gnoll Chaos Knight on Oct 8, 2017.
             Slain by a gnoll
             ... wielding a +0 halberd
              (6 damage)
             ... on level 4 of the Dungeon.
             The game lasted 00:05:10 (800 turns).

tidbits the Skirmisher (Gnoll Chaos Knight)          Turns: 800, Time: 00:05:11

Health: -1/47      AC:  7    Str: 14    XL:     5   Next: 5%
Magic:  6/6        EV: 13    Int: 15    God:    Xom [..*...]
Gold:   173        SH:  0    Dex: 15    Spells: 6/6 levels left

rFire    . . .     SeeInvis .   e - +2 dagger (venom)
rCold    . . .     Gourm    .   (no shield)
rNeg     . . .     Faith    .   a - +2 leather armour
rPois    .         Spirit   .   E - +1 helmet
rElec    .         Reflect  .   (no cloak)
rCorr    .         Harm     .   (no gloves)
MR       .....     Rnd*Tele +   (no boots)
Stlth    ++........             (no amulet)
HPRegen  0.15/turn              j - ring of teleportation (curse)
MPRegen  0.10/turn              (no ring)

@: no status effects
A: distributed training, fangs 1, strong nose
a: Renounce Religion


You were on level 4 of the Dungeon.
You worshipped Xom.
You were a toy of Xom.
You were not hungry.

You visited 1 branch of the dungeon, and saw 4 of its levels.

You collected 173 gold pieces.

Inventory:

Hand Weapons
 e - a +2 dagger of venom (weapon)
   (You found it on level 3 of the Dungeon)
Missiles
 c - 14 stones (quivered)
 g - 46 arrows
Armour
 a - a +2 leather armour (worn)
 l - a +0 ring mail
 E - a +1 helmet (worn)
Jewellery
 j - a cursed ring of teleportation (left hand)
   (You found it on level 2 of the Dungeon)
Scrolls
 d - a scroll of amnesia
 f - 2 scrolls of magic mapping
Potions
 h - 2 potions of degeneration {unknown}
Comestibles
 b - 2 bread rations
 i - a meat ration


   Skills:
 + Level 6.6 Fighting
 + Level 1.3 Short Blades
 + Level 1.3 Long Blades
 + Level 1.3 Axes
 + Level 1.3 Maces & Flails
 + Level 1.3 Polearms
 + Level 1.3 Staves
 + Level 1.3 Slings
 + Level 1.3 Bows
 + Level 1.3 Crossbows
 + Level 1.3 Throwing
 + Level 4.7 Armour
 + Level 2.8 Dodging
 + Level 1.3 Stealth
 + Level 1.3 Shields
 + Level 6.6 Unarmed Combat
 + Level 1.3 Spellcasting
 + Level 1.3 Conjurations
 + Level 1.3 Hexes
 + Level 1.3 Charms
 + Level 1.3 Summonings
 + Level 1.3 Necromancy
 + Level 1.3 Translocations
 + Level 1.3 Transmutations
 + Level 1.3 Fire Magic
 + Level 1.3 Ice Magic
 + Level 1.3 Air Magic
 + Level 1.3 Earth Magic
 + Level 1.3 Poison Magic
 + Level 1.3 Invocations
 + Level 1.3 Evocations


You had 6 spell levels left.
You didn't know any spells.

Dungeon Overview and Level Annotations

Branches:
Dungeon (4/15)
 Temple: D:4-7

Altars:
Cheibriados
Okawaru
Vehumet


Innate Abilities, Weirdness & Mutations

Your experience applies equally to all skills.
You have very sharp teeth.
Your uncanny sense of smell can sniff out nearby items.


Message History

Your Evocations skill increases to level 1!
You have reached level 4!
You feel agile.
You feel sick.
You punch the orc!
You kill the orc!
You closely miss the orc.
You feel sick.
You hit the orc. You bite the orc.
The orc is severely wounded.
You punch the orc!
You kill the orc!
You feel sick.
You hit the gnoll.
The gnoll is lightly wounded.
The gnoll barely misses you.
You hit the gnoll but do no damage.
The gnoll is lightly wounded.
The gnoll hits you but does no damage.
You hit the gnoll. You bite the gnoll, but do no damage.
The gnoll is moderately wounded.
You feel sick. The gnoll misses you.
You punch the gnoll!
The gnoll is severely wounded.
The gnoll hits you with a whip.
You hit the gnoll.
The gnoll is almost dead.
The gnoll barely misses you.
You barely miss the gnoll.
The gnoll is almost dead.
You feel sick. The gnoll closely misses you.
You closely miss the gnoll.
The gnoll is almost dead.
You barely miss the gnoll. You bite the gnoll, but do no damage.
The gnoll is almost dead.
The gnoll misses you.
You closely miss the gnoll.
The gnoll is almost dead.
The gnoll hits you but does no damage.
You barely miss the gnoll.
The gnoll is almost dead.
You feel sick. The gnoll hits you with a whip.
* * * LOW HITPOINT WARNING * * *
You hit the gnoll.
You kill the gnoll!
You hit the orc. You punch the orc.
The orc is almost dead.
The orc closely misses you.
A howler monkey comes into view.
The howler monkey howls!
You hit the orc but do no damage.
The orc is almost dead.
You hear a shout!
The orc hits you but does no damage.
You hit the orc.
You kill the orc!
You feel sick.
You closely miss the howler monkey.
The howler monkey hoots and howls with incredible vigour!
You hear a shout! x5; You hear an angry hiss.
You hear a shout! x2
You hit the howler monkey. Your punch misses the howler monkey.
The howler monkey is lightly wounded.
The howler monkey closely misses you.
You hit the howler monkey.
The howler monkey is lightly wounded.
The howler monkey closely misses you.
You punch the howler monkey! Your bite misses the howler monkey.
The howler monkey is almost dead.
The howler monkey hits you.
* * * LOW HITPOINT WARNING * * *
You closely miss the howler monkey.
The howler monkey is almost dead.
You feel sick. The howler monkey misses you.
You hit the howler monkey.
You kill the howler monkey!
You have reached level 5!
There are no items here. 2 gnolls come into view.
There is an open door, spattered with blood here.
Items here: ))) †† a flail; a whip; a hand axe; an orc corpse; a worker ant corpse A rat comes into view.
You feel sick.
You are no longer poisoned.
Wield which item (- for none, * to show all)? (? for menu, Esc to quit)
Your +2 dagger of venom begins to drip with poison!
e - a +2 dagger of venom (weapon)
You hit the rat.
You kill the rat!
The gnoll throws a throwing net.
The throwing net hits you.
You become entangled in the net!
You see here a throwing net {!f}.
You struggle against the net.
You struggle against the net. 2 orcs come into view.
You struggle against the net.
The gnoll hits you with a flail!
* * * LOW HITPOINT WARNING * * *
You shred the net and break free!
The gnoll hits you from afar with a halberd.
You die...
Xom guffaws!

#.........# #.........#
#.........# ..g..
#.........# #g..#
#######.[.......# #...#
#...............# #...#
#........[......# #...# ∆
#............†..# #...#
##..............@####...#
.................ggo)o..+
#########...#########..o#
#...# #....... #...#
###.##.# ##### .# # .# #


You could see an orc priest, 2 gnolls and 2 orcs.

Vanquished Creatures
  A howler monkey (D:4)
  A worker ant (D:4)
  A gnoll (D:4)
  2 adders
  A dart slug (D:3)
  3 orcs (D:4)
  A giant cockroach (D:3)
  6 goblins
  A hobgoblin (D:3)
  5 kobolds
  A quokka (D:2)
  4 bats
  A frilled lizard (D:3)
  4 rats
32 creatures vanquished.

Notes
Turn   | Place    | Note
-------+----------+-------------------------------------------
     0 | D:1      | tidbits the Gnoll Chaos Knight began the quest for the Orb.
     0 | D:1      | Reached XP level 1. HP: 23/23 MP: 1/1
    57 | D:1      | XOM: divination: magic mapping
   133 | D:3      | Found a radiant altar of Vehumet.
   137 | D:3      | Reached XP level 2. HP: 28/29 MP: 2/2
   265 | D:3      | Found an iron altar of Okawaru.
   272 | D:3      | Reached XP level 3. HP: 35/35 MP: 3/3
   307 | D:3      | Found a snail-covered altar of Cheibriados.
   763 | D:4      | Reached skill level 1 in Short Blades
   763 | D:4      | Reached skill level 1 in Long Blades
   763 | D:4      | Reached skill level 1 in Axes
   763 | D:4      | Reached skill level 1 in Maces & Flails
   763 | D:4      | Reached skill level 1 in Polearms
   763 | D:4      | Reached skill level 1 in Staves
   763 | D:4      | Reached skill level 1 in Slings
   763 | D:4      | Reached skill level 1 in Bows
   763 | D:4      | Reached skill level 1 in Crossbows
   763 | D:4      | Reached skill level 1 in Throwing
   763 | D:4      | Reached skill level 1 in Stealth
   763 | D:4      | Reached skill level 1 in Shields
   763 | D:4      | Reached skill level 1 in Spellcasting
   763 | D:4      | Reached skill level 1 in Conjurations
   763 | D:4      | Reached skill level 1 in Hexes
   763 | D:4      | Reached skill level 1 in Charms
   763 | D:4      | Reached skill level 1 in Summonings
   763 | D:4      | Reached skill level 1 in Necromancy
   763 | D:4      | Reached skill level 1 in Translocations
   763 | D:4      | Reached skill level 1 in Transmutations
   763 | D:4      | Reached skill level 1 in Fire Magic
   763 | D:4      | Reached skill level 1 in Ice Magic
   763 | D:4      | Reached skill level 1 in Air Magic
   763 | D:4      | Reached skill level 1 in Earth Magic
   763 | D:4      | Reached skill level 1 in Poison Magic
   763 | D:4      | Reached skill level 1 in Invocations
   763 | D:4      | Reached skill level 1 in Evocations
   763 | D:4      | Reached XP level 4. HP: 29/41 MP: 5/5
   787 | D:4      | Reached XP level 5. HP: 13/47 MP: 6/6
   800 | D:4      | Slain by a gnoll

Vault maps used:
D:1:      dpeg_arrival_stone_temple_mockup, minmay_pentomino_q2
D:2:      grunt_decor_fettered, minmay_rat_gold_closets, uniq_crazy_yiuf_cottage
D:3:      okawaru_trees_1, kennysheep_slug_shrine, old_standard_altar,
          first_bread
D:4:      kennysheep_mini, kennysheep_generic_room_11

Skill      XL: |  1  2  3 |
---------------+----------+-----
Short Blades   | 1 |  1.3
Long Blades    | 1 |  1.3
Axes           | 1 |  1.3
Maces & Flails | 1 |  1.3
Polearms       | 1 |  1.3
Staves         | 1 |  1.3
Slings         | 1 |  1.3
Bows           | 1 |  1.3
Crossbows      | 1 |  1.3
Throwing       | 1 |  1.3
Stealth        | 1 |  1.3
Shields        | 1 |  1.3
Spellcasting   | 1 |  1.3
Conjurations   | 1 |  1.3
Hexes          | 1 |  1.3
Charms         | 1 |  1.3
Summonings     | 1 |  1.3
Necromancy     | 1 |  1.3
Translocations | 1 |  1.3
Transmutations | 1 |  1.3
Fire Magic     | 1 |  1.3
Ice Magic      | 1 |  1.3
Air Magic      | 1 |  1.3
Earth Magic    | 1 |  1.3
Poison Magic   | 1 |  1.3
Invocations    | 1 |  1.3
Evocations     | 1 |  1.3
Fighting       | |  6.6
Armour         | |  4.7
Dodging        | |  2.8
Unarmed Combat | |  6.6

Action                   |  1- 3 |  4- 6 || total
-------------------------+-------+-------++-------
Melee: Unarmed           |    75 |    24 ||    99
       Bite              |     5 |     3 ||     8
       Dagger            |     2 |     1 ||     3
       Punch             |       |     1 ||     1
  Use: Scroll            |     6 |       ||     6
Armor: Leather armour    |    27 |     3 ||    30
Dodge: Dodged            |    50 |     9 ||    59

Table legend:
 A = Spawn XP
 B = Non-spawn XP
 C = Spawn XP percentage of total XP
 D = Spawn monster count
 E = Non-spawn monster count
 F = Spawn count percentage of total count
 G = Total turns spent on level
                    A         B        C        D         E        F      G
               +---------+---------+-------+---------+---------+-------+---------
         Total |       0 |     174 |   0.0 |       0 |      32 |   0.0 |   800
               +---------+---------+-------+---------+---------+-------+---------
           D:1 |       0 |      12 |   0.0 |       0 |       8 |   0.0 |   148
           D:2 |       0 |      20 |   0.0 |       0 |       4 |   0.0 |   320
           D:3 |       0 |      34 |   0.0 |       0 |      13 |   0.0 |   264
           D:4 |       0 |     108 |   0.0 |       0 |       7 |   0.0 |    68
               +---------+---------+-------+---------+---------+-------+---------

Table legend:
 A = Turns spent in this place as a percentage of turns spent in the entire game.
 B = Non-inter-level travel turns spent in this place as a percentage of non-inter-level travel turns spent in the entire game.
 C = Inter-level travel turns spent in this place as a percentage of turns spent in this place.
 D = Turns resting spent in this place as a percentage of non-inter-level travel turns spent in this place.
 E = Turns spent auto-exploring this place as a percentage of non-inter-level travel turns spent in this place.
 F = Non-inter-level travel turns spent in this place divided by the number of levels of this place that you've seen.
                   A       B       C       D       E      F
               +-------+-------+-------+-------+-------+----------------------
         Total | 100.0 | 100.0 |   6.1 |   0.0 |   0.0 | 187.8
       Dungeon | 100.0 | 100.0 |   6.1 |   0.0 |   0.0 | 187.8
               +-------+-------+-------+-------+-------+----------------------

Table legend:
 A = Kills in this place as a percentage of kills in entire the game.
 B = Kills by you in this place as a percentage of kills by you in the entire game.
 C = Kills by friends in this place as a percentage of kills by friends in the entire game.
 D = Other kills in this place as a percentage of other kills in the entire game.
 E = Experience gained in this place as a percentage of experience gained in the entire game.
 F = Experience gained in this place divided by the number of levels of this place that you have seen.
                   A       B       C       D       E      F
               +-------+-------+-------+-------+-------+----------------------
         Total | 100.0 | 100.0 |   N/A |   N/A | 100.0 |  43.5
       Dungeon | 100.0 | 100.0 |   N/A |   N/A | 100.0 |  43.5
               +-------+-------+-------+-------+-------+----------------------

Vault maps used:
D:1:      dpeg_arrival_stone_temple_mockup, minmay_pentomino_q2
D:2:      grunt_decor_fettered, minmay_rat_gold_closets, uniq_crazy_yiuf_cottage
D:3:      okawaru_trees_1, kennysheep_slug_shrine, old_standard_altar,
          first_bread
D:4:      kennysheep_mini, kennysheep_generic_room_11
